 Dungeon Crawl Stone Soup version 0.21-a0-352-g5b8f553 (webtiles) character file.

119 grizmgrazm2 the Shield-Bearer (level 5, -1/33 HPs)
             Began as a Gargoyle Fighter on Oct 11, 2017.
             Slain by an iguana (9 damage)
             ... on level 5 of the Dungeon.
             The game lasted 00:05:54 (2011 turns).

grizmgrazm2 the Shield-Bearer (Gargoyle Fighter)    Turns: 2011, Time: 00:05:54

Health: -1/33      AC: 11    Str: 19    XL:     5   Next: 3%
Magic:  5/5        EV:  7    Int:  9    God:
Gold:   202        SH:  9    Dex: 10    Spells: 4/4 levels left

rFire    . . .     SeeInvis .   a - +0 flail
rCold    . . .     Gourm    .   c - +0 shield
rNeg     + . .     Faith    .   b - +0 scale mail
rPois    ∞         Spirit   .   (no helmet)
rElec    +         Reflect  .   (no cloak)
rCorr    .         Harm     .   (no gloves)
MR       .....                  (no boots)
Stlth    ..........             (no amulet)
HPRegen  0.11/turn              (no ring)
MPRegen  0.09/turn              (no ring)

@: no status effects
A: negative energy resistance 1, electricity resistance, unbreathing,
petrification resistance, rot immunity, AC +4
a: no special abilities


You were on level 5 of the Dungeon.
You were not hungry.

You visited 1 branch of the dungeon, and saw 5 of its levels.

You collected 202 gold pieces.

Inventory:

Hand Weapons
 a - a +0 flail (weapon)
Armour
 b - a +0 scale mail (worn)
 c - a +0 shield (worn)
Scrolls
 e - 2 scrolls of magic mapping
 g - 2 scrolls of blinking {unknown}
 m - 2 scrolls of enchant weapon {unknown}
 o - 2 scrolls of remove curse
Potions
 d - 2 potions of might
 i - a potion of haste {unknown}
 j - 2 potions of cancellation {unknown}
 k - a potion of curing {unknown}
Comestibles
 f - 2 bread rations
 h - 2 royal jellies
 l - 2 meat rations
 n - 4 fruits


   Skills:
 + Level 3.6 Fighting
 + Level 3.5 Maces & Flails
 + Level 3.7 Armour
 + Level 0.6 Dodging
 + Level 0.2 Stealth
 + Level 4.1 Shields


You had 4 spell levels left.
You didn't know any spells.

Dungeon Overview and Level Annotations

Branches:
Dungeon (5/15)
 Temple: D:4-7

Altars:

Annotations:
D:4 arkorax's ghost, amateur MiSu


Innate Abilities, Weirdness & Mutations

You are resistant to torment.
Your stone body is resilient. (AC +4)
You are immune to poison.
You resist negative energy. (rN+)
You are resistant to electric shocks. (rElec)
You can survive without breathing.
You are immune to petrification.
You are immune to rotting.


Message History

You sock the iguana!
The iguana is heavily wounded.
The iguana closely misses you.
You hit the iguana.
The iguana is heavily wounded.
You block the iguana's attack. The iguana barely misses you.
Your shield and scale mail prevent you from hitting the iguana.
The iguana is heavily wounded.
You block the iguana's attack.
You hit the iguana but do no damage.
The iguana is heavily wounded.
The iguana bites you!
* * * LOW HITPOINT WARNING * * *
You barely miss the iguana.
The iguana is heavily wounded.
The iguana barely misses you. You block the iguana's attack.
You hit the iguana.
The iguana is heavily wounded.
The iguana bites you!
You die...

.##+######
.........#
.........#
.........#
........l#
........@# .###
.........# ...
.........####.#
..............###
########........#
#.......(#
#........#
#........#
########.....#


You could see an iguana.

Vanquished Creatures
  A worker ant (D:5)
  3 adders
  An ooze (D:3)
  An adder skeleton (D:4)
  2 worms
  2 dart slugs
  An orc (D:3)
  4 bats
  A giant cockroach (D:4)
  9 goblins
  2 hobgoblins (D:1)
  6 jackals
  4 quokkas
  3 frilled lizards (D:1)
  6 kobolds
  A leopard gecko skeleton (D:3)
  4 rats
51 creatures vanquished.

Notes
Turn   | Place    | Note
-------+----------+-------------------------------------------
     0 | D:1      | grizmgrazm2 the Gargoyle Fighter began the quest for the Orb.
     0 | D:1      | Reached XP level 1. HP: 14/14 MP: 1/1
   104 | D:1      | Reached XP level 2. HP: 15/19 MP: 2/2
   599 | D:2      | Reached XP level 3. HP: 20/23 MP: 3/3
  1076 | D:3      | Reached XP level 4. HP: 23/29 MP: 4/4
  1632 | D:4      | Noticed arkorax's ghost (amateur MiSu)
  1668 | D:5      | Entered Level 5 of the Dungeon
  1988 | D:5      | Reached skill level 4 in Shields
  1988 | D:5      | Reached XP level 5. HP: 28/33 MP: 5/5
  2011 | D:5      | Slain by an iguana

Vault maps used:
D:1:      saegor_arrival_simple_a
D:2:      marbit_many_paths, evilmike_ruin_ashenzari, corexii_shack
D:4:      elyvilon_altar_3, first_bread, eino_small_chamber_without_monster,
          uniq_blork_the_orc
D:5:      overflow_temple_1_default, minmay_temple_entry_fiery,
          palyth_stone_intersect, tso_altar

Skill      XL: |  1  2  3  4 |
---------------+-------------+-----
Maces & Flails | 3 |  3.5
Shields        | 4 |  4.1
Fighting       | |  3.6
Armour         | |  3.7
Dodging        | |  0.6
Stealth        | |  0.2

Action                   |  1- 3 |  4- 6 || total
-------------------------+-------+-------++-------
Melee: Flail             |   172 |    89 ||   261
  Use: Scroll            |     7 |       ||     7
  Eat: Chunk             |       |     4 ||     4
Armor: Scale mail        |   112 |    40 ||   152
Dodge: Dodged            |    46 |    18 ||    64
Block: Shield            |   121 |    48 ||   169

Table legend:
 A = Spawn XP
 B = Non-spawn XP
 C = Spawn XP percentage of total XP
 D = Spawn monster count
 E = Non-spawn monster count
 F = Spawn count percentage of total count
 G = Total turns spent on level
                    A         B        C        D         E        F      G
               +---------+---------+-------+---------+---------+-------+---------
         Total |       0 |     170 |   0.0 |       0 |      51 |   0.0 |  2011
               +---------+---------+-------+---------+---------+-------+---------
           D:1 |       0 |      25 |   0.0 |       0 |      16 |   0.0 |   530
           D:2 |       0 |      13 |   0.0 |       0 |       7 |   0.0 |   121
           D:3 |       0 |      60 |   0.0 |       0 |      18 |   0.0 |   830
           D:4 |       0 |      14 |   0.0 |       0 |       4 |   0.0 |   187
           D:5 |       0 |      58 |   0.0 |       0 |       6 |   0.0 |   343
               +---------+---------+-------+---------+---------+-------+---------
